 Dungeon Crawl Stone Soup version 0.28.0-53-g5a82cb258f (webtiles) character file.

Game seed: 15588207977282599191

77 Sin92 the Skirmisher (level 4, -4/35 HPs)
             Began as a Demonspawn Fighter on July 1, 2022.
             Killed from afar by Natasha (5 damage)
             ... with a puff of flame
             ... on level 2 of the Dungeon.
             The game lasted 00:01:19 (1790 turns).

Sin92 the Skirmisher (Demonspawn Fighter)           Turns: 1790, Time: 00:01:20

Health: -4/35      AC:  6    Str: 18    XL:     4   Next: 13%
Magic:  4/4        EV:  9    Int:  9    God:
Gold:   56         SH:  4    Dex: 13    Spells: 3/3 levels left

rFire   . . .      SeeInvis .   a - +0 war axe
rCold   . . .      Faith    .   c - +0 buckler
rNeg    . . .      Spirit   .   b - +0 scale mail
rPois   .          Reflect  .   (no helmet)
rElec   .          Harm     .   (no cloak)
rCorr   .          Rampage  .   (no gloves)
Will    .....                   (no boots)
Stlth   ..........              (no amulet)
HPRegen 0.11/turn               (no ring)
MPRegen 0.09/turn               (no ring)

@: slowed, invisible, very slow
A: hooves 1
a: no special abilities


You were on level 2 of the Dungeon.
You visited 1 branch of the dungeon, and saw 2 of its levels.

You collected 56 gold pieces.

Inventory:

Hand Weapons
 a - a +0 war axe (weapon)
Armour
 b - a +0 scale mail (worn)
 c - a +0 buckler (worn)
Scrolls
 e - 3 scrolls of magic mapping {unknown}
 g - a scroll of fog {unknown}
Potions
 h - a potion of berserk rage {unknown}


   Skills:
 + Level 3.5 Fighting
 + Level 2.4 Axes
 + Level 3.2 Armour
 + Level 3.2 Shields


You had 3 spell levels left.
You didn't know any spells.
Your spell library contained the following spells:

 Spells                   Type           Power      Damage    Failure   Level
 Static Discharge         Conj/Air       0%         N/A       94%         2
 Gell's Gravitas          Tloc           0%         N/A       99%         3
 Teleport Other           Tloc           0%         N/A       99%         3
 Lightning Bolt           Conj/Air       0%         1d11      100%        5
 Dispersal                Tloc           0%         N/A       100%        6
 Maxwell's Capacitive Co  Air            0%         ∞         100%        8


Dungeon Overview and Level Annotations

Branches:
Dungeon (2/15)

Altars:

Annotations:
D:2 Natasha


Innate Abilities, Weirdness & Mutations

You have large cloven feet.


Message History

Natasha claws you!
Natasha casts a spell.
Unknown command.
You hit the crimson imp. Your kick misses the crimson imp.
The crimson imp is heavily wounded.
You barely miss Natasha. You hit the white imp.
The crimson imp completely misses you. Natasha claws you but does no damage.
The white imp completely misses you. You block Natasha's attack.
The crimson imp blinks!
The white imp hits you but does no damage.
You completely miss the white imp.
The white imp is moderately wounded.
You barely miss Natasha. Natasha closely misses you.
The white imp hits you but does no damage.
Natasha closely misses you. The white imp barely misses you.
Unknown command.
You slash the white imp!
You kill the white imp!
The white imp disappears in a puff of smoke!
You closely miss the crimson imp. You barely miss Natasha.
Natasha casts a spell at you. You resist with some effort.
You block the crimson imp's attack. The crimson imp misses you.
Natasha claws you.
You closely miss the crimson imp. Your kick misses the crimson imp.
You miss Natasha.
Natasha casts a spell.
The crimson imp hits you. Natasha claws you. The crimson imp hits you.
Unknown command.
You are too injured to fight recklessly!
Unknown command.
You are too injured to fight recklessly!
Unknown command.
You are too injured to fight recklessly!
It was a potion of invisibility.
You fade into invisibility!
Natasha zaps a wand.
The puff of flame hits you!
* * * LOW HITPOINT WARNING * * *
You block the crimson imp's attack. x2; Natasha zaps a wand.
The puff of flame hits you.
You die...

#....... ###.# #....... ..#.#
#....... ###############.#.#
#....... ......#...(.....#.#
#....... .......#>....#..#.#
#....... [.........#.......####
#######. ................5!'..#
#. ........####...5@h##.##
######## ........#.......#.#...
........
........#.#####$#>#..#########...
............ ..#.#..#.>.........
........#.#.#####.#..#...........
.†......# ...........#....<......
........#####....................
...####..........................
...##########.........###'####...


You could see Natasha, a crimson imp (summoned) and a white imp (summoned).

Vanquished Creatures
  Natasha (D:2)
  An adder (D:2)
  7 endoplasms
  A giant cockroach (D:1)
  A goblin (D:1)
  8 hobgoblins
  6 kobolds
  3 quokkas
  4 ball pythons
  2 bats
  4 frilled lizards
  3 rats (D:1)
41 creatures vanquished.

Notes
Turn   | Place    | Note
-------+----------+-------------------------------------------
     0 | D:1      | Sin92 the Demonspawn Fighter began the quest for the Orb.
     0 | D:1      | Reached XP level 1. HP: 18/18 MP: 1/1
   115 | D:1      | Gained mutation: You have large cloven feet. [demonic
                  | ancestry]
   115 | D:1      | Reached XP level 2. HP: 24/24 MP: 2/2
   775 | D:1      | Reached XP level 3. HP: 25/29 MP: 3/3
  1492 | D:2      | Noticed Natasha
  1495 | D:2      | Killed Natasha
  1496 | D:2      | Reached XP level 4. HP: 11/35 MP: 4/4
  1780 | D:2      | Noticed Natasha
  1790 | D:2      | HP: 1/35 [Natasha/puff of flame (10)]
  1790 | D:2      | Killed from afar by Natasha

Illustrated notes

Levels and vault maps discovered:
D:1:      lemuel_arrival_broad_hall, layout_basic
D:2:      layout_basic, serial_shops, nicolae_diamond_shop, uniq_natasha

Skill      XL: |  1  2 |
---------------+-------+-----
Axes           | 2 |  2.4
Armour         | 3 |  3.2
Shields        | 3 |  3.2
Fighting       | |  3.5

Action                   |  1- 3 |  4- 6 || total
-------------------------+-------+-------++-------
Melee: War axe           |   105 |    17 ||   122
       Kick              |    16 |     2 ||    18
  Use: Potion            |     1 |     1 ||     2
Armor: Scale mail        |    49 |     7 ||    56
Dodge: Dodged            |    52 |    13 ||    65
Block: Buckler           |    20 |     8 ||    28
